 Dungeon Crawl Stone Soup version 0.19.4-9-g45fd643 (webtiles) character file.

220 Aramant the Slasher (level 5, 0/37 HPs)
             Began as a High Elf Fighter on Feb 15, 2017.
             Slain by Grinder (2 damage)
             ... while paralysed by Grinder
             ... on level 3 of the Dungeon.
             The game lasted 00:08:57 (2816 turns).

Aramant the Slasher (High Elf Fighter)              Turns: 2816, Time: 00:08:57

Health: 0/37       AC: 16    Str: 16    XL:     5   Next: 64%
Magic:  6/6        EV:  2    Int: 11    God:
Gold:   186        SH:  0    Dex: 15    Spells: 0 memorised, 4 levels left

rFire  . . .     SeeInvis .     a - +1 long sword
rCold  . . .     Gourm    .     h - +1 plate armour
rNeg   . . .     Faith    .     c - +0 shield
rPois  .         Spirit   .     o - +0 helmet
rElec  .         Reflect  .     k - +0 cloak
rCorr  .         Harm     .     (no gloves)
MR     .....                    d - +0 pair of boots
Stlth  ..........               (no amulet)
                                (no ring)
                                (no ring)

@: paralysed, very slightly contaminated
A: no striking features
a: no special abilities


You were on level 3 of the Dungeon.
You were not hungry.

You visited 1 branch of the dungeon, and saw 3 of its levels.

You collected 186 gold pieces.

Inventory:

Hand Weapons
 a - a +1 long sword (weapon)
Armour
 b - a +0 scale mail
 c - a +0 shield (worn)
 d - a +0 pair of boots (worn)
 h - a +1 plate armour (worn)
 k - a +0 cloak (worn)
 o - a +0 helmet (worn)
Wands
 j - a wand of random effects (32/48)
Scrolls
 e - a scroll of fog
 q - a scroll of remove curse
Potions
 f - a potion of resistance
 g - a potion of agility
 l - a potion of berserk rage
 r - a potion of brilliance {unknown}
 t - a potion of flight {unknown}
Comestibles
 m - a slice of pizza
 n - a meat ration


   Skills:
 + Level 3.8 Fighting
 + Level 4.5 Long Blades
 + Level 3.6 Armour
 + Level 0.2 Stealth
 + Level 3.7 Shields


You had 4 spell levels left.
You didn't know any spells.

Dungeon Overview and Level Annotations

Branches:
Dungeon (3/15)

Altars:
Sif Muna

Annotations:
D:3 Grinder


Message History

Grinder hits you but does no damage.
Your plate armour prevents you from hitting Grinder.
Grinder is heavily wounded.
Grinder hits you.
* * * LOW HITPOINT WARNING * * *
You writhe in agony.
* * * LOW HITPOINT WARNING * * *
Grinder gestures at you.
You suddenly lose the ability to move!
Grinder gestures at you.
You shrug off the repeated paralysis!
Grinder gestures at you. You resist with significant effort.
Grinder gestures at you. Pain shoots through your body!
* * * LOW HITPOINT WARNING * * *
Grinder hits you.
* * * LOW HITPOINT WARNING * * *
You writhe in agony.
You die...

#.............#.....#######.....
#.............#...(..........#..
#.............#..)(###.......###
#.##.............(.# #.......#
#. #...............# #.......#
...............# #.......#
...............# #.......#
...........5...# #.......#
...........@...###.......###
...##...###..........#......
#...# ####.......#...... #...#
#.........(.... #...#
#.............. #...#
#.............) #####
#.........).รท.. #..........)...
#####..........


You could see Grinder.

Vanquished Creatures
  Robin (D:3)
  7 gnolls (D:3)
  6 adders
  4 worms (D:2)
  A dart slug (D:1)
  A leopard gecko (D:2)
  A ball python (D:3)
  3 giant cockroaches
  17 goblins
  9 hobgoblins
  3 jackals (D:3)
  2 quokkas (D:2)
  5 bats
  3 frilled lizards
  4 kobolds
  9 rats
76 creatures vanquished.

Notes
Turn   | Place    | Note
-------+----------+-------------------------------------------
     0 | D:1      | Aramant the High Elf Fighter began the quest for the Orb.
     0 | D:1      | Reached XP level 1. HP: 16/16 MP: 2/2
    68 | D:1      | Reached XP level 2. HP: 21/21 MP: 3/3
   464 | D:2      | Reached XP level 3. HP: 14/26 MP: 4/4
   520 | D:2      | Reached skill level 3 in Long Blades
  1008 | D:2      | Found a deep blue altar of Sif Muna.
  1106 | D:2      | Reached XP level 4. HP: 7/31 MP: 5/5
  1726 | D:3      | Noticed Robin
  1735 | D:3      | Killed Robin
  1735 | D:3      | Reached skill level 4 in Long Blades
  1938 | D:3      | Reached XP level 5. HP: 36/36 MP: 6/6
  2772 | D:3      | Noticed Grinder
  2780 | D:3      | Paralysed by Grinder for 2 turns
  2800 | D:3      | Paralysed by Grinder for 3 turns
  2811 | D:3      | Paralysed by Grinder for 6 turns
  2816 | D:3      | Slain by Grinder

Skill      XL: |  1  2  3  4 |
---------------+-------------+-----
Armour         | 3 |  3.6
Shields        | 3 |  3.7
Long Blades    | 3 4 |  4.5
Fighting       | |  3.8
Stealth        | |  0.2

Action                   |  1- 3 |  4- 6 || total
-------------------------+-------+-------++-------
Melee: Long sword        |   123 |   184 ||   307
  Use: Scroll            |     5 |     7 ||    12
       Potion            |     3 |     4 ||     7
  Eat: Bread ration      |     1 |     1 ||     2
       Royal jelly       |       |     1 ||     1
Armor: Scale mail        |     6 |       ||     6
       Plate armour      |    63 |   205 ||   268
Dodge: Dodged            |    12 |    26 ||    38
Block: Shield            |    60 |   136 ||   196
       Rpst.: Long sword |     3 |     8 ||    11
